 Dungeon Crawl Stone Soup version 0.22-a0-422-g9628fc87f1 (webtiles) character file.

40072 Simmerdown the Brawler (level 13, -2/118 HPs)
             Began as a Minotaur Fighter on May 17, 2018.
             Was an Initiate of Gozag.
             Slain by a wight
             ... wielding a cursed +5 scimitar
              (6 damage)
             ... on level 14 of the Dungeon.
             The game lasted 00:26:14 (17338 turns).

Simmerdown the Brawler (Minotaur Fighter)          Turns: 17338, Time: 00:26:15

Health: -2/118     AC: 20    Str: 27    XL:     13   Next: 72%
Magic:  12/12      EV: 11    Int:  6    God:    Gozag
Gold:   3990       SH:  0    Dex: 10    Spells: 12/12 levels left

rFire    + . .     SeeInvis +     - Unarmed
rCold    + . .     Gourm    .   (no shield)
rNeg     . . .     Faith    .   B - +8 chain mail "Vetzaxto" {rC+ Str-2 SInv}
rPois    .         Spirit   .   (helmet restricted)
rElec    .         Reflect  .   (no cloak)
rCorr    .         Harm     +   (no gloves)
MR       .....                  (no boots)
Stlth    ..........             D - amulet of harm
HPRegen  0.29/turn              e - ring of protection from fire
MPRegen  0.13/turn              r - +4 ring of strength

@: gold aura, drained
A: retaliatory headbutt, horns 2
a: Potion Petition, Call Merchant, Bribe Branch, Renounce Religion


You were on level 14 of the Dungeon.
You worshipped Gozag.
Gozag was most pleased with you.
You were not hungry.

You visited 2 branches of the dungeon, and saw 15 of its levels.
You also visited: Ossuary and Bailey.

You collected 4368 gold pieces.
You paid 378 gold pieces to Gozag.

Inventory:

Missiles
 b - 9 throwing nets
 u - 7 needles of confusion
 F - 7 javelins (quivered)
Armour
 B - the +8 chain mail "Vetzaxto" (worn) {rC+ Str-2 SInv}
   (You found it on level 6 of the Dungeon)

   It affects your strength (-2).
   It protects you from cold.
   It lets you see invisible.
 H - a +0 buckler
 M - a +2 chain mail of fire resistance
 O - a +2 plate armour of magic resistance
Jewellery
 e - a ring of protection from fire (left hand)
 q - an uncursed ring of protection from cold
 r - a +4 ring of strength (right hand)
 s - an uncursed ring of see invisible
 D - an amulet of harm (around neck)
 E - an uncursed ring of resist corrosion
Wands
 J - a wand of disintegration (10)
 Q - a wand of enslavement (16)
 R - a wand of acid (10)
Scrolls
 a - a scroll of immolation
 g - 3 scrolls of remove curse
 j - 2 scrolls of random uselessness {unknown}
 m - 9 scrolls of identify
 v - 3 scrolls of fog {unknown}
 x - 6 scrolls of blinking
 y - a scroll of enchant armour
 A - 4 scrolls of amnesia
 C - 7 scrolls of teleportation
 L - 2 scrolls of vulnerability {unknown}
 N - a scroll of fear
 P - 2 scrolls of torment {unknown}
Potions
 c - 2 potions of might
 f - a potion of lignification
 h - 2 potions of magic {unknown}
 k - a potion of ambrosia {unknown}
 l - 3 potions of agility
 n - a potion of flight
 o - a potion of resistance {unknown}
 p - a potion of haste {unknown}
 t - 9 potions of curing
 w - a potion of mutation {unknown}
 G - a potion of berserk rage {unknown}
 I - 2 potions of degeneration {unknown}
 K - 2 potions of invisibility {unknown}
Miscellaneous
 i - a phial of floods
Comestibles
 d - 7 rations


   Skills:
 - Level 12.0(11.2) Fighting
 - Level 7.7(7.1) Throwing
 - Level 14.4(13.7) Armour
 - Level 6.5(5.9) Dodging
 - Level 3.6(3.0) Shields
 * Level 16.2(15.4) Unarmed Combat


You had 12 spell levels left.
You didn't know any spells.
Your spell library contained the following spells:

 Spells                   Type           Power        Failure   Level  Hunger
 Confuse                  Hex            #.......     99%         3    ####...
 Animate Dead             Necr           N/A          100%        4    #####..
 Pain                     Necr           #...         88%         1    ##.....
 Animate Skeleton         Necr           N/A          88%         1    ##.....
 Vampiric Draining        Necr           #.........   99%         3    ####...
 Regeneration             Chrm/Necr      #.........   99%         3    ####...
 Tukima's Dance           Hex            #.......     99%         3    ####...
 Ensorcelled Hibernation  Hex/Ice        #.....       96%         2    ###....
 Corona                   Hex            #......      88%         1    ##.....
 Dazzling Spray           Conj/Hex       #.....       99%         3    ####...


Dungeon Overview and Level Annotations

Branches:
Dungeon (14/15)            Temple (1/1) D:5            Lair (0/6) D:11
    Orc (0/2) D:10         Vaults (0/5) D:13

Altars:
Ashenzari
Cheibriados
Dithmenos
Elyvilon
Fedhas
Gozag
Hepliaklqana
Kikubaaqudgha
Makhleb
Nemelex Xobeh
Qazlal
Ru
Sif Muna
Trog
Uskayaw
Wu Jian
Yredelemnul
Zin
The Shining One


Innate Abilities, Weirdness & Mutations

You reflexively headbutt those who attack you in melee.
You have a pair of horns on your head.


Message History

You destroy the wight!
The tengu warrior hits you but does no damage.
The tengu warrior pecks you but does no damage.
The tengu warrior claws you but does no damage.
Unknown command.
You hit the wight.
The wight is lightly damaged.
You punch the wight!
You destroy the wight!
The tengu warrior hits you with a dire flail.
* * * LOW HITPOINT WARNING * * *
The tengu warrior pecks you.
* * * LOW HITPOINT WARNING * * *
The tengu warrior barely misses you.
Unknown command.
The wight hits you with an enchanted scimitar!
* * * LOW HITPOINT WARNING * * *
You feel drained.
You die...
Your body crumbles into a pile of gold.

#### #.. #z# #@# ..##
#$# ... #Q### ..#
#VQ.# ..# $ ###.# ..#
##O#####..#
#.......V.# # #
######.#####.Q.###.##.
#...##.# ##.#.......#


You could see 2 tengu warriors, a vampire (invisible) and a wight.

Vanquished Creatures
  A yaktaur captain (D:11)
  Erolcha (D:11)
  2 hydras (D:14)
  5 centaur warriors
  Erica (D:11)
  10 two-headed ogres
  An ogre mage (D:13)
  A tengu warrior (D:13)
  Urug (D:10)
  3 skeletal warriors (D:12)
  A deep troll (D:11)
  4 unseen horrors
  2 ugly things
  2 oklob plants (D:11)
  A manticore (D:11)
  A cyclops (D:12)
  3 gargoyles
  An efreet (D:14)
  A komodo dragon (D:13)
  A tengu conjurer (D:13)
  5 trolls
  A merfolk (D:9)
  The ghost of htuhola the Skirmisher, an amateur OpTm (D:4)
  3 slime creatures (D:10)
  3 hornets
  3 hippogriffs
  A shadow (D:14)
  2 wyverns (D:12)
  13 yaks
  A basilisk (D:12)
  4 hungry ghosts
  Grum (D:10)
  The ghost of htuhola the Skirmisher, an amateur OpTm of Cheibriados (D:3)
  4 vampire mosquitoes (D:14)
  An acid dragon (D:11)
  A porcupine (shapeshifter) (D:14)
  6 ice beasts
  3 necrophages
  A black bear (D:10)
  6 orc warriors
  An eye of draining (D:8)
  4 phantoms
  10 ogres
  4 wolves (D:10)
  11 centaurs
  A crocodile (D:12)
  3 big kobolds
  8 gnoll sergeants (Bailey)
  6 bullfrogs
  2 scorpions
  9 killer bees
  25 wights
  4 spriggan skeletons (D:9)
  A howler monkey (D:5)
  5 crimson imps
  4 centaur zombies
  19 orc wizards
  9 orc priests
  6 hounds
  4 jellies
  A quasit (D:5)
  5 centaur skeletons
  6 gnoll shamans (Bailey)
  A bullfrog skeleton (D:3)
  Jessica (D:3)
  Terence (D:2)
  6 iguanas
  7 worker ants
  A big kobold zombie (Ossuary)
  A hound skeleton (D:4)
  8 mummies (Ossuary)
  A howler monkey zombie (D:11)
  A worker ant zombie (D:5)
  14 gnolls (Bailey)
  7 adders
  6 shadow imps
  2 oozes
  An adder zombie (D:9)
  An adder skeleton (D:7)
  2 worms
  3 dart slugs (D:1)
  4 leopard geckos
  74 orcs
  11 bats
  3 giant cockroaches
  2 gnoll zombies (Ossuary)
  5 hobgoblins
  13 jackals
  5 quokkas
  2 ball pythons
  2 frilled lizards
  5 goblins
  3 hobgoblin zombies (Ossuary)
  16 kobolds
  2 kobold zombies (Ossuary)
  11 rats
474 creatures vanquished.

Vanquished Creatures (collateral kills)
  A worker ant (D:10)
1 creature vanquished.

Vanquished Creatures (others)
  13 plants (D:11)
13 creatures vanquished.

Grand Total: 488 creatures vanquished

Notes
Turn   | Place    | Note
-------+----------+-------------------------------------------
     0 | D:1      | Simmerdown the Minotaur Fighter began the quest for the Orb.
     0 | D:1      | Reached XP level 1. HP: 19/19 MP: 0/0
   136 | D:1      | Reached skill level 3 in Unarmed Combat
   136 | D:1      | Reached XP level 2. HP: 22/26 MP: 1/1
   791 | D:1      | Reached XP level 3. HP: 31/31 MP: 2/2
   908 | D:2      | Reached skill level 4 in Unarmed Combat
  1130 | D:2      | Noticed Terence
  1138 | D:2      | Killed Terence
  1299 | D:2      | Reached XP level 4. HP: 39/39 MP: 3/3
  1672 | D:3      | Noticed Jessica
  1678 | D:3      | Killed Jessica
  1678 | D:3      | Reached skill level 5 in Unarmed Combat
  1706 | D:3      | Reached XP level 5. HP: 40/45 MP: 4/4
  1763 | D:3      | Reached skill level 6 in Unarmed Combat
  1802 | D:3      | Noticed htuhola's ghost (amateur OpTm)
  1812 | D:3      | Killed htuhola's ghost
  1812 | D:3      | Reached skill level 7 in Unarmed Combat
  1812 | D:3      | Reached XP level 6. HP: 47/51 MP: 5/5
  2621 | D:4      | Noticed htuhola's ghost (amateur OpTm)
  2636 | D:4      | Killed htuhola's ghost
  2636 | D:4      | Reached skill level 8 in Unarmed Combat
  2636 | D:4      | Reached XP level 7. HP: 37/57 MP: 6/6
  2808 | D:4      | Reached skill level 9 in Unarmed Combat
  3575 | D:4      | Reached skill level 10 in Unarmed Combat
  3726 | D:5      | Entered Level 5 of the Dungeon
  3735 | D:5      | Found a staircase to the Ecumenical Temple.
  3760 | D:5      | Reached XP level 8. HP: 48/64 MP: 7/7
  3769 | D:5      | Found a sand-covered staircase.
  3785 | Ossuary  | Entered an ossuary
  4083 | D:5      | Reached skill level 11 in Unarmed Combat
  4206 | Temple   | Entered the Ecumenical Temple
  4330 | Temple   | Became a worshipper of Gozag Ym Sagoz the Greedy
  4732 | D:5      | Found a stormy altar of Qazlal.
  4873 | D:6      | Got a twisted chain mail
  4890 | D:5      | Identified the +8 chain mail "Vetzaxto" {rC+ Str-2 SInv} (You found it on level 6 of the Dungeon)
  4972 | D:6      | Reached skill level 12 in Unarmed Combat
  5146 | D:6      | Reached XP level 9. HP: 63/70 MP: 8/8
  5503 | D:7      | Reached skill level 13 in Unarmed Combat
  6283 | D:7      | Found the +5 scythe "Finisher" {speed, Str+3}
  6428 | D:7      | Reached skill level 14 in Unarmed Combat
  6843 | D:8      | Found a flagged portal.
  6853 | Bailey   | Entered a bailey
  7615 | Bailey   | Reached XP level 10. HP: 73/79 MP: 9/9
  7633 | Bailey   | Reached skill level 5 in Armour
  8142 | D:8      | Reached skill level 5 in Fighting
  8189 | D:8      | Found a glowing silver altar of Zin.
  8294 | D:8      | Noticed a two-headed ogre
  8298 | D:8      | Killed a two-headed ogre
  9006 | D:9      | Noticed a two-headed ogre
  9019 | D:9      | Killed a two-headed ogre
  9019 | D:9      | Reached skill level 1 in Throwing
 10257 | D:10     | Entered Level 10 of the Dungeon
 10268 | D:9      | Reached XP level 11. HP: 72/92 MP: 10/10
 10370 | D:10     | Paralysed by a hornet for 2 turns
 10628 | D:10     | Found a staircase to the Orcish Mines.
 10701 | D:10     | Noticed Grum
 10706 | D:10     | Killed Grum
 10706 | D:10     | Reached skill level 10 in Armour
 10846 | D:10     | Noticed a two-headed ogre
 10853 | D:10     | Killed a two-headed ogre
 11554 | D:10     | Noticed Urug
 11567 | D:10     | Killed Urug
 11922 | D:11     | Noticed Erica
 11933 | D:11     | Killed Erica
 12084 | D:11     | Noticed a two-headed ogre
 12084 | D:11     | Noticed a two-headed ogre
 12090 | D:11     | Reached skill level 5 in Throwing
 12095 | D:11     | Killed a two-headed ogre
 12100 | D:11     | Killed a two-headed ogre
 12168 | D:11     | Noticed a yaktaur captain
 12172 | D:11     | Noticed a deep troll
 12177 | D:11     | Killed a yaktaur captain
 12188 | D:11     | Killed a deep troll
 12234 | D:11     | Noticed a red ugly thing
 12244 | D:11     | Killed a red ugly thing
 12244 | D:11     | Reached XP level 12. HP: 33/105 MP: 11/11
 12462 | D:11     | Noticed a two-headed ogre
 12467 | D:11     | Killed a two-headed ogre
 12635 | D:11     | Noticed Erolcha
 12640 | D:11     | Paralysed by Erolcha for 6 turns
 12651 | D:11     | Killed Erolcha
 12806 | D:11     | Reached skill level 10 in Fighting
 12857 | D:11     | Noticed a two-headed ogre
 12864 | D:11     | Killed a two-headed ogre
 12894 | D:11     | Found a staircase to the Lair.
 14723 | D:12     | Reached skill level 1 in Dodging
 15117 | D:13     | Noticed a centaur warrior
 15607 | D:12     | Killed a centaur warrior
 15607 | D:12     | Reached XP level 13. HP: 86/116 MP: 12/12
 16258 | D:13     | Reached skill level 5 in Dodging
 16622 | D:13     | Reached skill level 15 in Unarmed Combat
 16803 | D:13     | Found a gate to the Vaults.
 17027 | D:14     | Found a shattered altar of Ashenzari.
 17249 | D:14     | Found a shadowy altar of Dithmenos.
 17277 | D:14     | Reached skill level 16 in Unarmed Combat
 17286 | D:14     | HP: 2/118 [centaur warrior/arrow (7)]
 17338 | D:14     | HP: 4/118 [wight/enchanted scimitar (13)]
 17338 | D:14     | Slain by a wight

Vault maps used:
D:1:      roderic_chinese_lattice_arrival
D:2:      uniq_terence
D:3:      portal_sewer_entry_d, uniq_jessica
D:5:      minmay_temple_entry_statues, nicolae_ossuary_entry_ruins, basic_altar,
          first_ration
D:7:      grunt_ministairs_10
D:8:      nicolae_overflow_hidden_temple, enter_bailey_2
D:9:      hangedman_fish_farm, hangedman_tell_no_tales
D:10:     orc_0_dummy, uniq_grum, uniq_urug
D:11:     minmay_shrinking_squares, dpeg_oklobed_lair, uniq_erica, uniq_erolcha
D:13:     david_vaults_2
D:14:     serial_shops, shop, lab_entry_generic, ashenzari_altar_1,
          nicolae_dithmenos_the_darkroom
Temple:   hc_temple_tempest_star
Ossuary:  ossuary_tomb_3
Bailey:   bailey_polearm_gnolls_kennysheep, bailey

Skill      XL: |  1  2  3  4  5  6  7  8  9 10 11 12 13 |
---------------+----------------------------------------+-----
Unarmed Combat | 3 4 5 7 8 10 12 14 16 | 16.2
Armour         | 4 9 12 14 | 14.4
Fighting       | 4 7 9 11 12 | 12.0
Throwing       | 3 5 7 |  7.7
Dodging        | 3 6 |  6.5
Shields        | |  3.6

Action                   |  1- 3 |  4- 6 |  7- 9 | 10-12 | 13-15 || total
-------------------------+-------+-------+-------+-------+-------++-------
Melee: Unarmed           |    74 |   124 |   347 |   559 |   180 ||  1284
       Headbutt          |    13 |    18 |    63 |   110 |    43 ||   247
       Punch             |     1 |     1 |    13 |    34 |    17 ||    66
Throw: Javelin           |       |       |       |     6 |       ||     6
       Throwing net      |       |       |       |     4 |       ||     4
Invok: Potion Petition   |       |       |       |     1 |     1 ||     2
Evoke: Wand              |       |       |     6 |     6 |       ||    12
       Phial of floods   |       |       |       |     1 |       ||     1
  Use: Scroll            |       |       |    17 |     1 |       ||    18
       Potion            |       |       |     1 |     1 |     3 ||     5
 Stab: Distracted        |       |       |     1 |     7 |     2 ||    10
  Eat: Chunk             |     1 |     4 |     6 |       |       ||    11
       Ration            |       |       |     5 |     7 |     3 ||    15
Armor: Scale mail        |    21 |       |       |       |       ||    21
       Plate armour      |    14 |    85 |    71 |       |       ||   170
       Chain mail        |       |       |   128 |   283 |   108 ||   519
Dodge: Dodged            |    18 |    37 |   125 |   188 |   120 ||   488

Table legend:
 A = Spawn XP
 B = Non-spawn XP
 C = Spawn XP percentage of total XP
 D = Spawn monster count
 E = Non-spawn monster count
 F = Spawn count percentage of total count
 G = Total turns spent on level
                    A         B        C        D         E        F      G
               +---------+---------+-------+---------+---------+-------+---------
         Total |       0 |   57247 |   0.0 |       0 |     475 |   0.0 | 17338
               +---------+---------+-------+---------+---------+-------+---------
           D:1 |       0 |      42 |   0.0 |       0 |      21 |   0.0 |   880
           D:2 |       0 |      69 |   0.0 |       0 |      12 |   0.0 |   774
           D:3 |       0 |     378 |   0.0 |       0 |      33 |   0.0 |   740
           D:4 |       0 |     871 |   0.0 |       0 |      14 |   0.0 |  1332
           D:5 |       0 |     670 |   0.0 |       0 |      18 |   0.0 |   749
           D:6 |       0 |     872 |   0.0 |       0 |      25 |   0.0 |   610
           D:7 |       0 |    1410 |   0.0 |       0 |      38 |   0.0 |  1322
           D:8 |       0 |    2177 |   0.0 |       0 |      27 |   0.0 |  1013
           D:9 |       0 |    3200 |   0.0 |       0 |      42 |   0.0 |  1354
          D:10 |       0 |    4827 |   0.0 |       0 |      30 |   0.0 |  1506
          D:11 |       0 |   13214 |   0.0 |       0 |      47 |   0.0 |  1578
          D:12 |       0 |    9182 |   0.0 |       0 |      46 |   0.0 |  2245
          D:13 |       0 |   11513 |   0.0 |       0 |      45 |   0.0 |  1349
          D:14 |       0 |    7404 |   0.0 |       0 |      31 |   0.0 |   311
       Ossuary |       0 |     176 |   0.0 |       0 |      16 |   0.0 |   265
        Bailey |       0 |    1242 |   0.0 |       0 |      30 |   0.0 |  1178
               +---------+---------+-------+---------+---------+-------+---------
